 Dungeon Crawl Stone Soup version 0.21.0 (webtiles) character file.

460 GordonOverkill the Shield-Bearer (level 6, -2/47 HPs)
             Began as a Mummy Artificer on Jan 8, 2018.
             Slain by an ogre
             ... wielding a +0 giant club
              (11 damage)
             ... on level 5 of the Dungeon.
             The game lasted 00:13:00 (7368 turns).

GordonOverkill the Shield-Bearer (Mummy Artificer)  Turns: 7368, Time: 00:13:01

Health: -2/47      AC: 13    Str: 17    XL:     6   Next: 78%
Magic:  8/8        EV:  7    Int: 11    God:
Gold:   163        SH:  5    Dex: 12    Spells: 5/5 levels left

rFire    x . .     SeeInvis .   l - -1 short sword (curse)
rCold    + . .     Gourm    .   g - +0 buckler
rNeg     + + +     Faith    .   b - +0 chain mail
rPois    ∞         Spirit   .   h - +2 hat
rElec    .         Reflect  .   f - +0 cloak
rCorr    .         Harm     .   (no gloves)
MR       .....                  n - +1 pair of boots
Stlth    ..........             (no amulet)
HPRegen  0.15/turn              (no ring)
MPRegen  0.11/turn              (no ring)

@: no status effects
A: no food or potions, fire vulnerability, cold resistance 1, negative energy
resistance 3, torment resistance, unbreathing
a: no special abilities


You were on level 5 of the Dungeon.
You were not hungry.

You visited 1 branch of the dungeon, and saw 6 of its levels.

You collected 163 gold pieces.

Inventory:

Hand Weapons
 a - a +0 short sword
 e - a +0 morningstar
 j - a +0 hand axe
 l - a cursed -1 short sword (weapon)
 m - a +0 war axe
Armour
 b - a +0 chain mail (worn)
 f - a +0 cloak (worn)
 g - a +0 buckler (worn)
 h - a +2 hat (worn)
 k - a +0 shield
 n - a +1 pair of boots (worn)
 o - a +1 hat
Wands
 d - a wand of enslavement (2)
Books
 c - a book of Maledictions

   Spells                             Type                      Level
   a - Corona                         Hexes                        1
   b - Ensorcelled Hibernation        Hexes/Ice                    2
   c - Confuse                        Hexes                        3
   d - Tukima's Dance                 Hexes                        3
   e - Dazzling Spray                 Conjuration/Hexes            3


   Skills:
 + Level 3.5 Fighting
 - Level 0.7 Short Blades
 - Level 1.5 Dodging
 - Level 0.7 Stealth
 * Level 3.9 Shields
 + Level 3.8 Evocations


You had 5 spell levels left.
You didn't know any spells.

Dungeon Overview and Level Annotations

Branches:
Dungeon (6/15)
 Temple: D:4-7

Altars:
Ru
Sif Muna

Annotations:
D:3 Sigmund


Innate Abilities, Weirdness & Mutations

You do not eat or drink.
Your flesh is vulnerable to fire.
You are immune to poison.
Your flesh is cold resistant. (rC+)
You are immune to negative energy. (rN+++)
You are immune to unholy pain and torment.
You can survive without breathing.


Message History

You completely miss the ogre. The ogre hits you with a giant club!!
You barely miss the ogre. The ogre hits you but does no damage.
You are too injured to fight recklessly!
Your chain mail prevents you from hitting the ogre.
The ogre hits you with a giant club!
* * * LOW HITPOINT WARNING * * *
You are too injured to fight recklessly!
You hit the ogre but do no damage. The ogre completely misses you.
The crimson imp blinks!
You are too injured to fight recklessly!
You hit the ogre.
The ogre is lightly wounded.
You block the ogre's attack.
You are too injured to fight recklessly!
You hit the ogre but do no damage.
The ogre is lightly wounded.
You hit the ogre.
The ogre is moderately wounded.
The ogre hits you with a giant club!
You die...

########## #.# ##....#..
#.# ##....#.# #.#######
......#.### #.......#
##........# #######.#
.'........######## #.#
.#.......5...÷...#
####.#######
#.......#######.#
#..#.......#
#........O....#@#
#..#######.#
#####..######.#O# #..#
#.#
............##.#5####..#
#.#
########.#.....#.......#
#.#
#.##.##.######.########.#
#.##.#### #..(.......#
#.##.# ############
#5##.# #.##.#


You could see an ogre and a crimson imp.

Vanquished Creatures
  An ogre (D:6)
  2 howler monkeys
  An orc priest (D:3)
  An orc wizard (D:3)
  An iguana (D:3)
  2 worker ants (D:5)
  A worker ant zombie (D:6)
  6 adders
  2 shadow imps (D:5)
  An ooze (D:1)
  3 worms
  2 dart slugs (D:1)
  4 leopard geckos
  5 orcs
  A ball python (D:2)
  5 bats
  2 giant cockroaches
  8 goblins
  4 hobgoblins
  3 jackals (D:5)
  5 kobolds
  2 quokkas
  4 frilled lizards
  A quokka skeleton (D:4)
  12 rats
79 creatures vanquished.

Vanquished Creatures (collateral kills)
  3 orcs (D:3)
  A frilled lizard (D:3)
4 creatures vanquished.

Vanquished Creatures (others)
  An orc priest (D:3)
1 creature vanquished.

Grand Total: 84 creatures vanquished

Notes
Turn   | Place    | Note
-------+----------+-------------------------------------------
     0 | D:1      | GordonOverkill the Mummy Artificer began the quest for the Orb.
     0 | D:1      | Reached XP level 1. HP: 15/15 MP: 2/2
   520 | D:1      | Reached XP level 2. HP: 14/21 MP: 3/3
   764 | D:1      | Reached skill level 1 in Shields
  1261 | D:1      | Reached XP level 3. HP: 27/27 MP: 5/5
  2514 | D:2      | Reached XP level 4. HP: 33/33 MP: 6/6
  2738 | D:2      | Found a faded altar of an unknown god.
  3470 | D:4      | Noticed an ogre
  3551 | D:3      | Found a deep blue altar of Sif Muna.
  3602 | D:3      | Reached XP level 5. HP: 33/39 MP: 7/7
  4704 | D:4      | Noticed Sigmund
  4724 | D:5      | Entered Level 5 of the Dungeon
  4911 | D:5      | Found a sacrificial altar of Ru.
  5354 | D:5      | Reached XP level 6. HP: 46/47 MP: 8/8
  7368 | D:5      | Slain by an ogre

Skill      XL: |  1  2  3  4  5 |
---------------+----------------+-----
Shields        | 1 2 3 |  3.9
Fighting       | 2 3 |  3.5
Evocations     | 3 |  3.8
Short Blades   | |  0.7
Dodging        | |  1.5
Stealth        | |  0.7

Action                   |  1- 3 |  4- 6 || total
-------------------------+-------+-------++-------
Melee: Short sword       |   131 |   594 ||   725
Evoke: Wand              |    12 |    31 ||    43
  Use: Scroll            |     2 |     6 ||     8
 Stab: Sleeping          |     1 |       ||     1
Armor: Leather armour    |    41 |    20 ||    61
       Chain mail        |       |   279 ||   279
Dodge: Dodged            |    86 |   184 ||   270
Block: Buckler           |       |    85 ||    85
